 Dungeon Crawl Stone Soup version 0.29-a0-668-g12ee2bf84d (webtiles) character file.

Game seed: 6563982484587733687

173 dolemite99 the Cleaver (level 5, -3/41 (45) HPs)
             Began as a Hill Orc Chaos Knight on June 24, 2022.
             Was a Plaything of Xom.
             Slain by a chaos spawn (6 damage)
             ... summoned by Xom
             ... on level 3 of the Dungeon.
             The game lasted 00:04:06 (2173 turns).

dolemite99 the Cleaver (Hill Orc Chaos Knight)      Turns: 2173, Time: 00:04:07

HP:   -3/41 (45)    AC:  6    Str: 17      XL:     5   Next: 53%
MP:   5/5           EV:  9    Int: 12      God:    Xom [.*....]
Gold: 117           SH:  3    Dex: 15 (17) Spells: 4/4 levels left

rFire   . . .      SeeInvis .   n - +0 war axe
rCold   . . .      Faith    .   e - +0 buckler
rNeg    . . .      Spirit   .   l - +0 scale mail
rPois   .          Reflect  .   (no helmet)
rElec   .          Harm     .   (no cloak)
rCorr   .          Rampage  .   (no gloves)
Will    .....                   (no boots)
Stlth   ..........              q - amulet of regeneration
HPRegen 0.93/turn               u - ring of Jubet {Fly Dex+7}
MPRegen 0.09/turn               (no ring)

@: flying, drained
A: no striking features
a: Renounce Religion


You were on level 3 of the Dungeon.
You worshipped Xom.
You were a plaything of Xom.
You visited 1 branch of the dungeon, and saw 3 of its levels.

You collected 117 gold pieces.

Inventory:

Hand Weapons
 a - a +1 hand axe of chaos
 n - a +0 war axe (weapon)
 s - a +0 hunting sling
 w - a +2 hunting sling of freezing
Missiles
 j - 3 atropa-tipped darts
 v - 4 javelins
Armour
 b - a +2 leather armour
 e - a +0 buckler (worn)
 l - a +0 scale mail (worn)
Jewellery
 g - a ring of ice
 q - an amulet of regeneration (around neck)
 u - the ring of Jubet (left hand) {Fly Dex+7}
   (You found it on level 3 of the Dungeon)

   [ring of flight]

   Dex:       It affects your dexterity (+7).
   Fly:       It grants you flight.
 x - a ring of ice
 z - a ring of resist corrosion
Scrolls
 i - 3 scrolls of magic mapping
 k - a scroll of immolation
 r - 3 scrolls of identify {@r1}
 y - a scroll of blinking {unknown}
 A - a scroll of fog {unknown}
 B - a scroll of teleportation
 C - a scroll of poison {unknown}
Potions
 d - 2 potions of lignification {unknown}
 f - 2 potions of curing
 h - a potion of might {unknown}
 m - a potion of ambrosia {unknown}
 o - a potion of berserk rage {unknown}
 p - a potion of haste {unknown}
 t - a potion of magic {unknown}
Miscellaneous
 c - a piece from Xom's chessboard (inert) (quivered)


   Skills:
 - Level 3.6 Fighting
 + Level 8.0 Axes
 - Level 2.1 Armour
 - Level 0.7 Dodging


You had 4 spell levels left.
You didn't know any spells.
Your spell library was empty.

Dungeon Overview and Level Annotations

Branches:
Dungeon (3/15)

Altars:
Fedhas
Okawaru


Message History

The worm is severely wounded.
The worm bites you but does no damage.
You slash the worm!
You kill the worm!
You block the ball python's attack. The ball python closely misses you.
You hit the ball python.
You kill the ball python!
No target in view!
Things that are here:
a ball python corpse; a worm corpse No target in view! "Time to have some fun!"
You are now a plaything of Xom.
There are monsters nearby!
You hit the chaos spawn but do no damage.
You hit the quasit.
The quasit bites you but does no damage.
The quasit claws you. You block the quasit's attack. The chaos spawn hits you.
The chaos spawn freezes you!
There are monsters nearby!
You slash the quasit!
The quasit is almost dead.
You barely miss the chaos spawn. The quasit bites you.
The quasit claws you but does no damage.
You block the quasit's attack. The chaos spawn gores you!
You are engulfed in flames!
* * * LOW HITPOINT WARNING * * *
The quasit barely misses you. The quasit closely misses you. x2
There are monsters nearby!
You are too injured to fight recklessly!
You slash the chaos spawn!
The chaos spawn is moderately wounded.
You hit the quasit. The quasit closely misses you. The quasit claws you.
* * * LOW HITPOINT WARNING * * *
You feel clumsy.
The quasit claws you but does no damage.
The chaos spawn gores you.
* * * LOW HITPOINT WARNING * * *
The chaos spawn freezes you.
You die...

...... .≈≈≈.. P≈≈♣≈
≈≈≈≈ ≈≈P≈ ≈ ≈ ≈
#######.# #.@55...#
#
##########4#######
######............#
#......########.#.#
#.#.♣...#.## #.#...
♣≈≈.≈≈≈≈≈..# #..
#.# ≈≈≈≈≈.≈≈...#
###. .#
≈≈.≈≈≈≈.≈≈.# .# #
≈.≈≈≈≈≈≈.≈.# #


You could see a chaos spawn (summoned), a quasit (summoned) and an ufetubus
(summoned).

Vanquished Creatures
  Natasha (thrice) (D:2)
  2 adders
  4 worms
  A dart slug (D:2)
  5 orcs (D:3)
  5 ball pythons
  3 endoplasms
  4 giant cockroaches
  5 goblins
  6 hobgoblins
  2 quokkas
  12 bats
  4 frilled lizards
  4 kobolds
  2 rats
62 creatures vanquished.

Vanquished Creatures (others)
  20 plants (D:3)
20 creatures vanquished.

Grand Total: 82 creatures vanquished

Notes
Turn   | Place    | Note
-------+----------+-------------------------------------------
     0 | D:1      | dolemite99 the Hill Orc Chaos Knight began the quest for
                  | the Orb.
     0 | D:1      | Reached XP level 1. HP: 19/19 MP: 1/1
    15 | D:1      | XOM: divination: detect creatures
    93 | D:1      | Reached XP level 2. HP: 25/26 MP: 2/2
   255 | D:1      | Reached skill level 5 in Axes
   447 | D:1      | XOM: god gift: 3 atropa-tipped darts
   474 | D:2      | Reached XP level 3. HP: 22/31 MP: 3/3
   567 | D:2      | XOM: god gift: scroll labelled YXADEV SUMU {god gift}
   794 | D:2      | Noticed Natasha
   798 | D:2      | Killed Natasha
   799 | D:2      | Reached skill level 6 in Axes
   799 | D:2      | XOM: confuse monster(s)
   803 | D:2      | Reached XP level 4. HP: 26/39 MP: 4/4
   948 | D:2      | XOM: god gift: clear potion {god gift}
   980 | D:2      | XOM: noise
  1076 | D:2      | Noticed Natasha
  1088 | D:2      | XOM: enchant monster (bad)
  1109 | D:2      | Killed Natasha
  1110 | D:2      | Reached skill level 7 in Axes
  1449 | D:2      | Noticed Natasha
  1456 | D:2      | XOM: fog
  1461 | D:2      | Killed Natasha
  1462 | D:2      | Reached XP level 5. HP: 39/45 MP: 5/5
  1655 | D:3      | Identified the ring of Jubet {Fly Dex+7}
  1696 | D:3      | XOM: draining
  1921 | D:3      | Found a large runed translucent door.
  1922 | D:3      | Found a large runed translucent door.
  1930 | D:3      | Found a blossoming altar of Fedhas.
  1940 | D:3      | Found an iron altar of Okawaru.
  2106 | D:3      | Reached skill level 8 in Axes
  2107 | D:3      | XOM: god gift: large ivory ring {god gift}
  2170 | D:3      | XOM: summons 3 hostile demons
  2171 | D:3      | Noticed a chaos spawn
  2173 | D:3      | Slain by a chaos spawn

Illustrated notes

Levels and vault maps discovered:
D:1:      lightli_arrival_chessboard, layout_rooms, hex_large
D:2:      layout_rooms, minmay_increasing_density, uniq_natasha
D:3:      layout_basic, jmf_multi_god_temple2, serial_bayou,
          serial_bayou_pond_d, serial_bayou_ford_a, serial_bayou_pond_b,
          serial_bayou_pond_e, serial_bayou_pond_e, serial_bayou_pond_e,
          minivault_25, uniq_crazy_yiuf_cottage

Skill      XL: |  1  2  3  4  5 |
---------------+----------------+-----
Axes           | 5 6 7 8 |  8.0
Fighting       | |  3.6
Armour         | |  2.1
Dodging        | |  0.7

Action                   |  1- 3 |  4- 6 || total
-------------------------+-------+-------++-------
Melee: Hand axe          |    74 |    72 ||   146
       War axe           |       |    59 ||    59
 Fire: Hunting sling     |       |     5 ||     5
Evoke: Piece from Xom's  |    17 |     6 ||    23
  Use: Scroll            |       |     6 ||     6
       Potion            |       |     1 ||     1
 Stab: Paralysed         |     2 |       ||     2
       Petrified         |     1 |       ||     1
       Confused          |     1 |       ||     1
       Petrifying        |       |     1 ||     1
Armor: Leather armour    |    21 |       ||    21
       Scale mail        |    10 |    78 ||    88
Dodge: Dodged            |    38 |    59 ||    97
Block: Buckler           |    10 |    20 ||    30

Table legend: (Time is in decaauts)
 A = Elapsed time spent in this place.
 B = Non-inter-level travel time spent in this place.
 C = Inter-level travel time spent in this place.
 D = Time resting spent in this place.
 E = Time spent auto-exploring this place.
 F = Levels seen in this place.
 G = Mean time per level.
                   A        B        C        D        E       F      G
               +--------+--------+--------+--------+--------+-----+--------+
         Total |   2205 |   2162 |     43 |    494 |    978 |   3 |  735.0 |
       Dungeon |   2205 |   2162 |     43 |    494 |    978 |   3 |  735.0 |
               +--------+--------+--------+--------+--------+-----+--------+

Top non-repeatable levels by time:
     D:2: 1139 daAuts
     D:3: 605 daAuts
     D:1: 461 daAuts
